 Dungeon Crawl Stone Soup version 0.31-a0-361-g0f8bd3a31e (webtiles) character file.

Game seed: 13560655341117297453

130 AdnanSaban the Trooper (level 5, 0/33 HPs)
             Began as a Gargoyle Fighter on July 27, 2023.
             Slain by an orc
             ... wielding a +0 mace
              (5 damage)
             ... on level 3 of the Dungeon.
             The game lasted 00:01:45 (1691 turns).

AdnanSaban the Trooper (Gargoyle Fighter)           Turns: 1691, Time: 00:01:45

Health: 0/33       AC: 15    Str: 22    XL:     5   Next: 14%
Magic:  5/5        EV:  8    Int:  8    God:
Gold:   148        SH:  4    Dex:  9    Spells: 4/4 levels left

rFire   . . .        a - +0 flail
rCold   . . .        c - +0 buckler
rNeg    + . .        n - +0 chain mail
rPois   ∞            (no helmet)
rElec   +            (no cloak)
rCorr   +            s - +0 pair of gloves
SInv    .            w - +0 pair of boots
Will    .....        f - amulet of the acrobat Stlth
                     l - ring of resist corrosion
HPRegen 0.25/turn    r - ring of flight
MPRegen 0.09/turn

%: acrobat
@: flying
A: sickness immunity, AC +4, negative energy resistance 1, electricity
resistance, torment resistance 1, petrification resistance
a: no special abilities


You were on level 3 of the Dungeon.
You visited 1 branch of the dungeon, and saw 3 of its levels.

You collected 148 gold pieces.

Inventory:

Hand Weapons
 a - a +0 flail (weapon)
Missiles
 x - a throwing net
Armour
 c - a +0 buckler (worn)
 n - a +0 chain mail (worn)
 s - a +0 pair of gloves (worn)
 w - a +0 pair of boots (worn)
Jewellery
 f - an amulet of the acrobat (around neck)
 l - a ring of resist corrosion (left hand)
 r - a ring of flight (right hand)
Scrolls
 e - 3 scrolls of noise {unknown}
 g - a scroll of torment {unknown}
 i - 2 scrolls of identify {unknown}
 k - a scroll of poison {unknown}
 m - 2 scrolls of brand weapon {unknown}
 o - a scroll of silence {unknown}
 p - a scroll of amnesia {unknown}
 u - a scroll of teleportation {unknown}
 y - a scroll of fear {unknown}
Potions
 b - a potion of lignification {unknown}
 d - a potion of might
 h - a potion of attraction {unknown}
 j - a potion of cancellation {unknown}
 q - a potion of invisibility {unknown}
 t - 2 potions of brilliance {unknown}
 v - a potion of haste {unknown}
 z - a potion of curing {unknown}
 A - a potion of degeneration {unknown}


   Skills:
 + Level 4.2 Fighting
 + Level 3.2 Maces & Flails
 + Level 4.0 Armour
 + Level 0.9 Dodging
 + Level 3.7 Shields


You had 4 spell levels left.
You didn't know any spells.
Your spell library was empty.

Dungeon Overview and Level Annotations

Branches:
Dungeon (3/15)

Altars:


Innate Abilities, Weirdness & Mutations

You are immune to sickness and miasma.
Your stone body is resilient. (AC +4)
You are immune to poison.
You resist negative energy. (rN+)
You are resistant to electric shocks. (rElec)
You are resistant to unholy torment.
You are immune to petrification.


Message History

The orc priest is severely wounded.
The orc priest invokes the aid of Beogh against you.
Pain shoots through your body!
* * * LOW HITPOINT WARNING * * *
The orc hits you but does no damage. The orc hits you with a +0 mace.
* * * LOW HITPOINT WARNING * * *
You sock the orc priest!
You kill the orc priest!
The orc hits you with a +0 mace.
* * * LOW HITPOINT WARNING * * *
The orc hits you but does no damage. The orc hits you with a +0 mace.
* * * LOW HITPOINT WARNING * * *
The orc closely misses you. The orc hits you but does no damage.
Your Maces & Flails skill increases to level 3!
You have reached level 5!
The orc attacks as you move away! The orc closely misses you.
The orc attacks as you move away! The orc hits you but does no damage.
You closely miss the orc. The orc hits you but does no damage.
You closely miss the orc. The orc barely misses you.
You barely miss the orc. You block the orc's attack.
You sock the orc!
You kill the orc!
The orc barely misses you.
You hit the orc.
The orc is severely wounded.
The orc hits you but does no damage.
You hit the orc.
You kill the orc!
You hit the orc but do no damage. The orc hits you but does no damage. x2
You closely miss the orc. The orc hits you but does no damage.
You hit the orc.
The orc is moderately wounded.
The orc hits you but does no damage.
You hit the orc.
The orc is heavily wounded.
You block the orc's attack.
You hit the orc.
You kill the orc!
The orc hits you with a +0 mace.
You die...

....$ .... .#
#... .# #. ...
.# #.# #.. .#
#.# #..####.###
#.# #..)......#
#.#.####...###.#
#.#.........o@.#
#.########.#####
#...†......#
####.##########
............
#.......####
........#
.)†.....#
........#


You could see an orc.

Vanquished Creatures
  An orc priest (D:3)
  5 adders
  2 worms
  A dart slug (D:3)
  3 orcs (D:3)
  6 endoplasms
  6 goblins
  6 hobgoblins
  2 quokkas (D:2)
  4 ball pythons
  A bat (D:2)
  3 frilled lizards
  5 kobolds
  4 rats
49 creatures vanquished.

Notes
Turn   | Place    | Note
-------+----------+-------------------------------------------
     0 | D:1      | AdnanSaban the Gargoyle Fighter began the quest for the
                  | Orb.
     0 | D:1      | Reached XP level 1. HP: 14/14 MP: 1/1
   142 | D:1      | Reached XP level 2. HP: 11/20 MP: 2/2
   188 | D:1      | Found a faded altar of an unknown god.
   708 | D:2      | Reached XP level 3. HP: 22/24 MP: 3/3
  1036 | D:2      | Reached XP level 4. HP: 29/29 MP: 4/4
  1677 | D:3      | HP: 1/29 [orc/+0 mace (3)]
  1678 | D:3      | Reached XP level 5. HP: 1/33 MP: 5/5
  1691 | D:3      | Slain by an orc

Illustrated notes

Levels and vault maps discovered:
D:1:      minmay_arrival_three_doors, layout_basic,
          ebering_ecumenical_altar_abandoned, minivault_19, minmay_tripent
D:2:      layout_basic
D:3:      layout_basic, kennysheep_nub, chequers_serial_rivers_micro_a,
          uniq_grinder

Skill      XL: |  1  2  3  4 |
---------------+-------------+-----
Fighting       | 4 |  4.2
Armour         | 4 |  4.0
Maces & Flails | 3 |  3.2
Dodging        | |  0.9
Shields        | |  3.7

Action                     |  1- 3 |  4- 6 || total
---------------------------+-------+-------++-------
  Melee: Flail             |   114 |    69 ||   183
 Armour: Scale mail        |    20 |       ||    20
         Chain mail        |    80 |    41 ||   121
  Dodge: Dodged            |    75 |    23 ||    98
  Block: Buckler           |    23 |    14 ||    37

Table legend: (Time is in decaauts)
 A = Elapsed time spent in this place.
 B = Non-inter-level travel time spent in this place.
 C = Inter-level travel time spent in this place.
 D = Time resting spent in this place.
 E = Time spent auto-exploring this place.
 F = Levels seen in this place.
 G = Mean time per level.
                   A        B        C        D        E       F      G
               +--------+--------+--------+--------+--------+-----+--------+
         Total |   1746 |   1712 |     34 |      0 |   1278 |   3 |  582.0 |
       Dungeon |   1746 |   1712 |     34 |      0 |   1278 |   3 |  582.0 |
               +--------+--------+--------+--------+--------+-----+--------+

Top non-repeatable levels by time:
     D:2: 766 daAuts
     D:1: 590 daAuts
     D:3: 388 daAuts
